[Event "*** SCC Grand Prix: Titled Tuesday Blitz"]
[Site "Chess.com"]
[Date "2020.08.25"]
[Round "2"]
[White "allvim"]
[Black "abfchess"]
[Result "1-0"]
[WhiteElo "2407"]
[BlackElo "2136"]
[TimeControl "180+1"]
[EndTime "10:18:20 PDT"]
[Termination "allvim won by resignation"]

1. e4 e6 2. d4 d5 3. Nd2 Nc6 4. Ngf3 Nf6 5. e5 Nd7 6. c3 f6 7. exf6 Qxf6 8. Bd3 Bd6 9. Qc2 g6 10. Nf1 e5 11. dxe5 Ncxe5 12. Nxe5 Nxe5 13. Be2 O-O 14. Be3 Bf5 15. Qd2 Nc4 16. Bxc4 dxc4 17. O-O-O Rad8 18. Bg5 Qg7 19. Bxd8 Rxd8 20. Ne3 Bd3 21. Ng4 b5 22. Qg5 Bf5 23. Qxd8+ 1-0

[Event "*** SCC Grand Prix: Titled Tuesday Blitz"]
[Site "Chess.com"]
[Date "2020.08.25"]
[Round "2"]
[White "Zkid"]
[Black "Chessdreamer2020"]
[Result "1-0"]
[WhiteElo "2840"]
[BlackElo "2521"]
[TimeControl "180+1"]
[EndTime "10:18:21 PDT"]
[Termination "Zkid won by resignation"]

1. c4 d6 2. g3 g6 3. Bg2 Bg7 4. Nc3 e5 5. b4 a5 6. b5 Ne7 7. e3 O-O 8. Nge2 c6 9. O-O Be6 10. d3 Nd7 11. Ba3 Qc7 12. Ne4 c5 13. Ng5 Bf5 14. e4 Bg4 15. f3 Be6 16. Bc1 Rae8 17. Nxe6 fxe6 18. Bh3 Nc8 19. Be3 Rf7 20. Qd2 Nf8 21.
Rf2 b6 22. Raf1 Qe7 23. Kh1 Nd7 24. f4 Ref8 25. f5 exf5 26. exf5 gxf5 27. Bxf5 Qd8 28. Be6 Nf6 29. Bg5 Qe7 30. Bxf7+ Rxf7 31. Nc3 Qe6 32.
Bxf6 Rxf6 33. Rxf6 Bxf6 34. Nd5 Bg7 35. Qg5 1-0

[Event "*** SCC Grand Prix: Titled Tuesday Blitz"]
[Site "Chess.com"]
[Date "2020.08.25"]
[Round "2"]
[White "Sychev_Klementy"]
[Black "Siniauski"]
[Result "1-0"]
[WhiteElo "2775"]
[BlackElo "2505"]
[TimeControl "180+1"]
[EndTime "10:18:21 PDT"]
[Termination "Sychev_Klementy won by resignation"]

1. e4 e6 2. Qe2 Be7 3. Nf3 d5 4. d3 Nf6 5. g3 c5 6. Bg2 Nc6 7. O-O O-O 8. e5 Nd7 9. c4 b6 10. cxd5 exd5 11. Nc3 d4 12. Nd5 Bb7 13. Re1 Re8 14.
e6 fxe6 15. Qxe6+ Kh8 16. Bf4 Nf8 17. Qf7 Ng6 18. Nxe7 Rxe7 19. Ng5 Nce5 20. Bxe5 Nxe5 21. Rxe5 Rxe5 22. Qxb7 Rb8 23. Nf7+ 1-0

[Event "*** SCC Grand Prix: Titled Tuesday Blitz"]
[Site "Chess.com"]
[Date "2020.08.25"]
[Round "2"]
[White "Aleksey_Sorokin"]
[Black "AlexSuv"]
[Result "1-0"]
[WhiteElo "2723"]
[BlackElo "2483"]
[TimeControl "180+1"]
[EndTime "10:18:21 PDT"]
[Termination "Aleksey_Sorokin won by resignation"]

1. d4 Nf6 2. c4 e6 3. Nf3 d5 4. g3 dxc4 5. Bg2 Nc6 6. O-O Rb8 7. e3 Be7 8. Qe2 b5 9. Rd1 O-O 10. e4 Bb7 11. a4 a6 12. Nc3 b4 13. Nb1 Na5 14.
Ne5 Nb3 15. Ra2 Nxc1 16. Rxc1 Qxd4 17. Nxc4 Rfd8 18. Nbd2 Qd3 19. Qe1 Bc5 20. Bf1 Qd7 21. h3 Ba7 22. Bg2 Qd4 23. b3 Qd3 24. Kh2 h5 25. e5 Bxg2 26. Kxg2 Nd5 27. Ne4 Qxb3 28. Raa1 h4 29. Na5 Qb2 30. Nc6 hxg3 31. Nxa7 Nf4+ 32. Kxg3 Qxe5 33. Nc6 Rd3+ 34. f3 Ne2+ 35. Kf2 Qh2+ 36. Kf1 Ng3+ 37. Qxg3 Qh1+ 38. Ke2 1-0

[Event "*** SCC Grand Prix: Titled Tuesday Blitz"]
[Site "Chess.com"]
[Date "2020.08.25"]
[Round "2"]
[White "DishonorOnYourCow"]
[Black "anskam"]
[Result "1-0"]
[WhiteElo "2342"]
[BlackElo "1642"]
[TimeControl "180+1"]
[EndTime "10:18:22 PDT"]
[Termination "DishonorOnYourCow won by checkmate"]

1. d4 Nf6 2. c4 g6 3. Nc3 Bg7 4.
e4 d6 5. f4 Nbd7 6. Nf3 O-O 7.
Bd3 c5 8. d5 e5 9. dxe6 fxe6 10.
O-O e5 11. f5 Nb6 12. fxg6 hxg6 13. Nh4 Bg4 14. Qe1 Bh5 15. Bg5 Qe8 16. Qg3 Nh7 17. Be3 Qd7 18. Nxg6 Bxg6 19. Qxg6 Rf6 20. Rxf6 Nxf6 21. Rf1 Rf8 22. Nd5 Nbxd5 23. exd5 Qf7 24. Qg3 Qh5 25. Bg6 Qg4 26. Qxg4 Nxg4 27. Rxf8+ Kxf8 28. Bg5 Nf6 29. h4 b6 30. h5 Bh8 31.
Kf2 a6 32. a4 Kg7 33. Kf3 Kf8 34. g4 Kg7 35. Bd2 a5 36. g5 Nd7 37. Bf5 Kf7 38.
Bxd7 Ke7 39. Be6 e4+ 40. Kxe4 Bxb2 41. g6 Kf6 42. Bh6 Ke7 43. g7 Bxg7 44. Bxg7 b5 45.
cxb5 c4 46. h6 c3 47. Bxc3 Kf8 48. h7 Ke7 49. Bg7 Kd8 50. h8=Q+ Ke7 51. Qf8# 1-0

[Event "*** SCC Grand Prix: Titled Tuesday Blitz"]
[Site "Chess.com"]
[Date "2020.08.25"]
[Round "2"]
[White "SamuelGhimpu2003"]
[Black "kuban1991"]
[Result "1/2-1/2"]
[WhiteElo "2522"]
[BlackElo "2815"]
[TimeControl "180+1"]
[EndTime "10:18:23 PDT"]
[Termination "Game drawn by repetition"]

1. d4 g6 2. Nc3 Bg7 3. e4 c6 4.
Nf3 d5 5. exd5 cxd5 6. Be2 Nh6 7. Be3 Nf5 8. O-O O-O 9. Qd2 Nc6 10. Nd1 Nxe3 11. Nxe3 a6 12. c3 h6 13. h3 Be6 14.
Bd3 Qd7 15. Rfe1 Rac8 16. Nc2 Bf5 17. Ne5 Nxe5 18. dxe5 b5 19. Bxf5 Qxf5 20. Nd4 Qg5 21. f4 Qg3 22. Rf1 e6 23. Nf3 Rc4 24. Nd4 Rfc8 25. Rf3 Qh4 26. a3 Bf8 27. Raf1 Bc5 28. Kh2 Bxd4 29. cxd4 Rc2 30. Qb4 Re2 31. Rg3 Rcc2 32.
f5 exf5 33. e6 Rxe6 34. Rxf5 Qe4 35. Rff3 Rc4 36. Qa5 Rxd4 37. Qd8+ Re8 38. Qf6 Re7 39. Rxg6+ fxg6 40. Qf8+ Kh7 41. Rf7+ Rxf7 42. Qxf7+ Kh8 43.
Qf8+ Kh7 44. Qf7+ Kh8 45. Qf8+ Kh7 46. Qf7+ 1/2-1/2

[Event "*** SCC Grand Prix: Titled Tuesday Blitz"]
[Site "Chess.com"]
[Date "2020.08.25"]
[Round "2"]
[White "GuerrieroFromLevant"]
[Black "Klavdia_Nik"]
[Result "1/2-1/2"]
[WhiteElo "2375"]
[BlackElo "2059"]
[TimeControl "180+1"]
[EndTime "10:18:23 PDT"]
[Termination "Game drawn by repetition"]

1. e4 e6 2. d4 d5 3. Nd2 dxe4 4. Nxe4 Bd7 5. Nf3 Bc6 6. Bd3 Nd7 7. Bg5 Ngf6 8. O-O Be7 9. Nxf6+ Bxf6 10. Bxf6 Qxf6 11.
c3 Bxf3 12. Qxf3 Qxf3 13. gxf3 Nf6 14. Be4 c6 15. a4 a5 16. b4 Nd5 17. b5 cxb5 18.
axb5 f5 19. Bxd5 exd5 20. Rfe1+ Kd7 21. Re5 Kd6 22. Rae1 a4 23. Re6+ Kc7 24. b6+ Kd7 25.
Re7+ Kc6 26. R7e6+ Kb5 27. Rd6 Kc4 28. Rd7 Kxc3 29.
Rxb7 Kxd4 30. Rxg7 a3 31. b7 Ra7 32. Kf1 Rb8 33.
Ra1 a2 34. Rc7 Kd3 35. Ke1 d4 36. h4 Rbxb7 37. Rcc1 Rb2 38. Rd1+ Kc4 39. Rd2 Kc3 40. Rc1+ Kb3 41. Rd3+ Kb4 42. Rxd4+ Kb5 43. Rd5+ Kb6 44. Rd6+ Kb5 45. Rd5+ Kb4 46. Rd4+ Kb3 47. Rd3+ Kb4 48. Rd4+ 1/2-1/2

[Event "*** SCC Grand Prix: Titled Tuesday Blitz"]
[Site "Chess.com"]
[Date "2020.08.25"]
[Round "2"]
[White "SmirnovAlexandrA"]
[Black "VishnuPrasanna"]
[Result "1-0"]
[WhiteElo "2319"]
[BlackElo "2638"]
[TimeControl "180+1"]
[EndTime "10:18:28 PDT"]
[Termination "SmirnovAlexandrA won by resignation"]

1. e4 c5 2. Nf3 d6 3. d4 cxd4 4. Nxd4 Nf6 5. Nc3 Nc6 6. Bg5 e6 7. Qd2 Be7 8. f3 O-O 9. h4 a6 10. g4 Nxd4 11. Qxd4 b5 12. O-O-O Bb7 13. Kb1 Rc8 14.
Bd3 Nd7 15. Bxe7 Qxe7 16. g5 Rfd8 17. Rdg1 Nc5 18. h5 e5 19. Qe3 d5 20. exd5 Nxd3 21. Qxd3 Rc4 22. g6 fxg6 23. hxg6 h6 24. Rd1 Qc5 25.
Qf5 Qe7 26. Rhe1 b4 27. Rxe5 Qf8 28. Qe6+ Kh8 29. d6 bxc3 30. Qxc4 Qxf3 31. Qd3 Qf6 32. Rc5 cxb2 33. Rc7 Bg2 34. Qd4 Qxg6 35. d7 Bh3 36. Rc8 Qg5 37. Rxd8+ Qxd8 38. Qe5 Kh7 39. Qe8 1-0

[Event "*** SCC Grand Prix: Titled Tuesday Blitz"]
[Site "Chess.com"]
[Date "2020.08.25"]
[Round "2"]
[White "Synctel"]
[Black "elegant285"]
[Result "0-1"]
[WhiteElo "1965"]
[BlackElo "2361"]
[TimeControl "180+1"]
[EndTime "10:18:29 PDT"]
[Termination "elegant285 won on time"]

1. e4 c6 2. d4 d5 3. e5 c5 4. dxc5 e6 5. b4 a5 6. c3 axb4 7. cxb4 b6 8. Be3 bxc5 9. bxc5 Nd7 10. Nf3 Bxc5 11. Bxc5 Nxc5 12. Bb5+ Bd7 13. Bxd7+ Qxd7 14. Nc3 Ne7 15. O-O O-O 16. Re1 Rfc8 17. Qe2 Rab8 18. Nd4 Nc6 19. Ncb5 Nxe5 20. Qxe5 Nd3 21. Qd6 Qxd6 22.
Nxd6 Rd8 23. Nc6 Nxe1 24. Nxb8 Nc2 25. Rc1 Rxb8 26. g3 Nd4 27. Rc8+ Rxc8 28. Nxc8 Kf8 29.
Kf1 Ke8 30. h4 Kd7 31. Nb6+ Kc6 32. Na4 Kb5 33. Nc3+ Kb4 34. Nb1 Nb5 35. Ke2 Nc3+ 36. Nxc3 Kxc3 0-1

[Event "*** SCC Grand Prix: Titled Tuesday Blitz"]
[Site "Chess.com"]
[Date "2020.08.25"]
[Round "2"]
[White "novocane"]
[Black "Mischuk_D"]
[Result "0-1"]
[WhiteElo "2259"]
[BlackElo "2624"]
[TimeControl "180+1"]
[EndTime "10:18:30 PDT"]
[Termination "Mischuk_D won by resignation"]

1. d4 Nf6 2. c4 e6 3. Nc3 Bb4 4. e3 O-O 5. Ne2 c6 6. a3 Ba5 7.
b4 Bc7 8. Ng3 d6 9. Be2 Qe7 10.
O-O e5 11. d5 cxd5 12. cxd5 a6 13. Bb2 Bb6 14. Rc1 g6 15. Qb3 Nbd7 16. Rc2 h5 17. Rfc1 h4 18. Nf1 e4 19. Na4 Ba7 20.
Rc7 b5 21. Nc3 Bb6 22. Rxd7 Bxd7 23. a4 bxa4 24. Nxa4 Bxa4 25. Qxa4 Nd7 26. Rc6 Rfb8 27. Qc2 Ne5 28. Qc3 a5 29. b5 a4 30. f4 exf3 31.
gxf3 a3 32. Ba1 Qf6 33. f4 Qxf4 34. Kh1 Qe4+ 35. Kg1 Qxd5 36. Nd2 a2 37. Nf3 Nxf3+ 38. Bxf3 Qe5 39. Qc1 Bxe3+ 40. Kg2 Bxc1 41. Bxe5 dxe5 0-1

[Event "*** SCC Grand Prix: Titled Tuesday Blitz"]
[Site "Chess.com"]
[Date "2020.08.25"]
[Round "2"]
[White "Irishchessman16"]
[Black "Falcon28dz"]
[Result "0-1"]
[WhiteElo "2359"]
[BlackElo "2064"]
[TimeControl "180+1"]
[EndTime "10:18:31 PDT"]
[Termination "Falcon28dz won by resignation"]

1. e4 e6 2. d4 d5 3. Nc3 Nf6 4. e5 Nfd7 5. f4 c5 6. Nf3 Nc6 7. Be3 cxd4 8. Nxd4 Bc5 9. Qd2 O-O 10. O-O-O Nxd4 11. Bxd4 a6 12. Qf2 Qc7 13. g4 b5 14. a3 Rb8 15. h4 b4 16. axb4 Rxb4 17. Rh3 Bb7 18. h5 Rb8 19. b3 Qa5 20. Kb1 Bc6 21.
Na2 Ra4 22. c4 Bxd4 23. Rxd4 Nc5 24. Qc2 Ra3 25. Rc3 Nxb3 26. cxd5 Nxd4+ 0-1

[Event "*** SCC Grand Prix: Titled Tuesday Blitz"]
[Site "Chess.com"]
[Date "2020.08.25"]
[Round "2"]
[White "AlexTriapishko"]
[Black "dopolian"]
[Result "1-0"]
[WhiteElo "2707"]
[BlackElo "2472"]
[TimeControl "180+1"]
[EndTime "10:18:32 PDT"]
[Termination "AlexTriapishko won by resignation"]

1. d4 Nf6 2. c4 c5 3. d5 e6 4. Nc3 exd5 5. cxd5 d6 6. Nf3 g6 7. e4 Bg7 8. h3 O-O 9. Bd3 Bd7 10. a4 Na6 11.
O-O Nb4 12. Bf4 Nxd3 13. Qxd3 Qb6 14. Nd2 Rfe8 15. Nc4 Qa6 16. Rfd1 Nh5 17. Bxd6 Bd4 18. Bh2 f5 19. e5 Rad8 20. Nd6 Qxd3 21. Rxd3 Rxe5 22.
Rxd4 cxd4 23. Bxe5 dxc3 24. bxc3 b6 25. c4 Ng7 26. a5 Ne8 27. axb6 axb6 28. Ra7 Nxd6 29. Bxd6 Bb5 30. Bc7 Rd7 31. cxb5 Rxd5 32. Bxb6 Rxb5 33.
Bd4 1-0

[Event "*** SCC Grand Prix: Titled Tuesday Blitz"]
[Site "Chess.com"]
[Date "2020.08.25"]
[Round "2"]
[White "Kotofeyca"]
[Black "Marty435"]
[Result "1-0"]
[WhiteElo "2333"]
[BlackElo "2619"]
[TimeControl "180+1"]
[EndTime "10:18:33 PDT"]
[Termination "Kotofeyca won by resignation"]

1. d4 Nf6 2. c4 e6 3. Nf3 d5 4.
Nc3 b6 5. cxd5 Nxd5 6. g3 Bb7 7.
Bg2 Be7 8. O-O O-O 9. Nxd5 Bxd5 10.
Be3 Nd7 11. Qd3 c5 12. Rfd1 Rc8 13. a3 Qc7 14. Rac1 Qb7 15. Ne1 Rfd8 16. Bxd5 exd5 17. dxc5 Nxc5 18. Qf5 Bf6 19. Bd4 Bxd4 20. Rxd4 g6 21. Qf3 Rc6 22. Rxd5 Re8 23. Rcd1 Rce6 24. b4 Ne4 25.
Rd7 Ng5 26. Qxb7 1-0

[Event "*** SCC Grand Prix: Titled Tuesday Blitz"]
[Site "Chess.com"]
[Date "2020.08.25"]
[Round "2"]
[White "sergivila"]
[Black "chesslh19"]
[Result "1/2-1/2"]
[WhiteElo "2434"]
[BlackElo "2220"]
[TimeControl "180+1"]
[EndTime "10:18:33 PDT"]
[Termination "Game drawn by repetition"]

1. e4 e5 2. Nf3 Nf6 3. Nxe5 d6 4. Nf3 Nxe4 5. Nc3 Nxc3 6. dxc3 Be7 7. Be3 Nc6 8. Qd2 Be6 9. O-O-O Qd7 10. Kb1 Bf6 11.
Ng5 Bxg5 12. Bxg5 f6 13. Be3 O-O-O 14. Bb5 a6 15. Ba4 Qf7 16. Bb3 Bxb3 17. cxb3 Qg6+ 18.
Ka1 Qxg2 19. Rhg1 Qxh2 20. Rxg7 Rhg8 21. Rxg8 Rxg8 22. a3 Rg1 23. Rxg1 Qxg1+ 24. Ka2 Qg4 25. Qd5 Qd7 26. Qg8+ Nd8 27. Bd4 Qe7 28. Qh8 f5 29. Bf6 Qd7 30. f4 c5 31. c4 Kc7 32. Bxd8+ Qxd8 33. Qxh7+ Qd7 34. Qg8 Qe7 35. b4 cxb4 36. axb4 Qe4 37. Qf7+ Kb8 38. Qf8+ Kc7 39. Qf7+ Kb8 40.
Qf8+ Kc7 41. Qf7+ 1/2-1/2

[Event "*** SCC Grand Prix: Titled Tuesday Blitz"]
[Site "Chess.com"]
[Date "2020.08.25"]
[Round "2"]
[White "narutosmith"]
[Black "CHESSMASTER759"]
[Result "0-1"]
[WhiteElo "2273"]
[BlackElo "2513"]
[TimeControl "180+1"]
[EndTime "10:18:35 PDT"]
[Termination "CHESSMASTER759 won on time"]

1. c4 Nf6 2. Nc3 g6 3. g3 Bg7 4. Bg2 O-O 5. d3 c6 6. e4 d6 7. Nge2 c5 8. O-O Nc6 9. f4 Rb8 10. h3 Nd7 11. Be3 Nd4 12. Rb1 a5 13. f5 b6 14. g4 e6 15. g5 exf5 16. Nd5 fxe4 17. dxe4 Nxe2+ 18. Qxe2 Ne5 19. Nf6+ Kh8 20. Rbd1 Be6 21.
b3 a4 22. Bf4 Qe7 23. Qf2 axb3 24. axb3 b5 25. Qh4 h6 26. Bxe5 dxe5 27. gxh6 Bxf6 28. Rxf6 bxc4 29. bxc4 Bxc4 30. Re1 Rb6 31. Rf4 g5 32. Qg4 exf4 33. e5 Rxh6 34. e6 Bxe6 35.
Qf3 Qf6 36. Qd3 Bf5 37. Qf3 Rg8 38. Kf1 g4 39. Qxf4 Bd3+ 0-1

[Event "*** SCC Grand Prix: Titled Tuesday Blitz"]
[Site "Chess.com"]
[Date "2020.08.25"]
[Round "2"]
[White "Khazieva_Elza"]
[Black "Legendinunknown"]
[Result "0-1"]
[WhiteElo "2419"]
[BlackElo "2669"]
[TimeControl "180+1"]
[EndTime "10:18:36 PDT"]
[Termination "Legendinunknown won on time"]

1. e4 e5 2. Nf3 Nc6 3. d3 Nf6 4. g3 d5 5. Nbd2 Bc5 6. exd5 Qxd5 7. Bg2 O-O 8. O-O Qd8 9. h3 Re8 10. Re1 Bf5 11. Nc4 e4 12. Nh4 Be6 13. Bg5 h6 14. Be3 Be7 15. g4 Nxg4 16. hxg4 Bxh4 17. Bxe4 Bxc4 18. Bxc6 bxc6 19. dxc4 Qf6 20. Qd4 Qf3 21. Qd1 Rxe3 22. fxe3 Bf2+ 23. Kf1 Qg3 24. Qd4 Re8 25. Qf4 Qg1+ 26. Ke2 Bxe1 27. Rxe1 Qg2+ 28. Kd1 Rd8+ 0-1

[Event "*** SCC Grand Prix: Titled Tuesday Blitz"]
[Site "Chess.com"]
[Date "2020.08.25"]
[Round "2"]
[White "CraiggoryC"]
[Black "ENajer77"]
[Result "0-1"]
[WhiteElo "2131"]
[BlackElo "2611"]
[TimeControl "180+1"]
[EndTime "10:18:36 PDT"]
[Termination "ENajer77 won on time"]

1. e4 c5 2. Nc3 Nc6 3. Bb5 Nd4 4. Nf3 Nxb5 5. Nxb5 d6 6. d4 a6 7. Nc3 cxd4 8.
Qxd4 e5 9. Qd3 h6 10. O-O Nf6 11. Nd2 Be6 12. Nc4 Rc8 13. Ne3 Be7 14. Ncd5 Nxd5 15. exd5 Bd7 16. c4 O-O 17. f4 exf4 18. Rxf4 Bg5 19. Rf3 b5 20. b3 Qb6 21. Kh1 Qc5 22. Rg3 Bf4 23. Rf3 Be5 24. Rb1 f5 25. Bb2 Bxb2 26. Rxb2 f4 0-1

[Event "*** SCC Grand Prix: Titled Tuesday Blitz"]
[Site "Chess.com"]
[Date "2020.08.25"]
[Round "2"]
[White "Fortitudine"]
[Black "Doraemon7"]
[Result "0-1"]
[WhiteElo "2236"]
[BlackElo "2622"]
[TimeControl "180+1"]
[EndTime "10:18:37 PDT"]
[Termination "Doraemon7 won by resignation"]

1. c4 e5 2. g3 c6 3. d4 e4 4. Bg2 d5 5. Nc3 Nf6 6. Bg5 Nbd7 7.
cxd5 cxd5 8. Nh3 h6 9. Bxf6 Nxf6 10. e3 Be7 11. Nf4 O-O 12. O-O g5 13. Nfe2 Be6 14. Qb3 Qd7 15. Rac1 Rfc8 16. Na4 b6 17. Nec3 Rc4 18. Rfe1 Rac8 19. Bf1 b5 20. Nc5 Bxc5 21. dxc5 R8xc5 22. Bxc4 bxc4 23. Qb8+ Rc8 24. Qe5 Ng4 25. Qd4 f6 26. Qd1 Ne5 27. Ne2 Bg4 28. Rc2 Bf3 29.
Qc1 Qh3 0-1

[Event "*** SCC Grand Prix: Titled Tuesday Blitz"]
[Site "Chess.com"]
[Date "2020.08.25"]
[Round "2"]
[White "Gusarov91"]
[Black "Susal_De_Silva"]
[Result "1-0"]
[WhiteElo "2646"]
[BlackElo "2354"]
[TimeControl "180+1"]
[EndTime "10:18:39 PDT"]
[Termination "Gusarov91 won by resignation"]

1. d4 Nf6 2. Nf3 e6 3. c4 b6 4. g3 Bb7 5. Bg2 d5 6. Ne5 c6 7. O-O Be7 8. Nc3 O-O 9. Bg5 Nfd7 10. Bxe7 Qxe7 11. Nxd7 Qxd7 12. Qb3 Na6 13. Rfd1 Nc7 14.
Rac1 Rfd8 15. e4 Rac8 16. c5 b5 17. exd5 exd5 18. Ne2 Ne6 19. Bh3 Qc7 20. Bxe6 fxe6 21. Qe3 Re8 22. f4 Re7 23. Kg2 Rce8 24. Ng1 Bc8 25. Nf3 a5 26. a3 Rf8 27. Re1 Bd7 28. b3 Be8 29. Ne5 Bg6 30. Nxg6 hxg6 31. h4 Rf5 32. Rc2 Rf6 33. Rce2 Qd7 34. Qd2 Qc7 35. Re5 Qd8 36. h5 gxh5 37. Rxh5 Rf5 38. Reh1 Rxh5 39.
Rxh5 g6 40. Re5 Ra7 41. Rxe6 a4 42. b4 Rh7 43. Qe3 Qd7 44. Qe5 Rf7 45. Rxg6+ Kf8 46. Qh8+ Ke7 47. Rd6 Qc7 48. Qh4+ Ke8 49. Qh8+ Ke7 50.
Kf3 Rf8 51. Qh4+ Ke8 52. Qh5+ Rf7 53. Rf6 Qe7 54. Qxf7+ 1-0

[Event "*** SCC Grand Prix: Titled Tuesday Blitz"]
[Site "Chess.com"]
[Date "2020.08.25"]
[Round "2"]
[White "Fighter008"]
[Black "alexgo05"]
[Result "1-0"]
[WhiteElo "2682"]
[BlackElo "2355"]
[TimeControl "180+1"]
[EndTime "10:18:39 PDT"]
[Termination "Fighter008 won on time"]

1. e4 c5 2. Nf3 d6 3. d4 cxd4 4. Nxd4 Nf6 5. Nc3 a6 6. Be3 e5 7. Nb3 Be6 8. Qd2 Be7 9. O-O-O Nbd7 10. f4 b5 11. f5 Bc4 12. g4 Nxg4 13. Rg1 h5 14. h3 Ngf6 15. Rxg7 Rc8 16. Kb1 b4 17. Nd5 Nxd5 18. exd5 a5 19. Bxc4 Rxc4 20. Rdg1 Nf6 21. Qd3 Rc8 22. Qb5+ Kf8 23. R7g2 Ra8 24. Qd3 a4 25. Nd2 Qa5 26. Ne4 Nxe4 27. Qxe4 Bf6 28. Bh6+ Ke7 29. Bd2 Rab8 30. a3 Rhc8 31. Bxb4 Qb5 32.
Rd1 Rc4 33. Qe2 Rh4 34. Qe3 1-0

[Event "*** SCC Grand Prix: Titled Tuesday Blitz"]
[Site "Chess.com"]
[Date "2020.08.25"]
[Round "2"]
[White "poppy73"]
[Black "Balla_Tamas"]
[Result "0-1"]
[WhiteElo "2230"]
[BlackElo "2451"]
[TimeControl "180+1"]
[EndTime "10:18:40 PDT"]
[Termination "Balla_Tamas won by resignation"]

1. e4 c5 2. Nf3 e6 3. d4 cxd4 4. Nxd4 a6 5. Bd3 Nf6 6. O-O Qc7 7. Qe2 d6 8. c4 Nbd7 9. Nc3 b6 10. Bd2 Bb7 11. f4 Be7 12. Rae1 Nc5 13. Bc2 Rc8 14.
e5 Ng8 15. exd6 Qxd6 16. Nf3 Nf6 17. f5 O-O 18. b4 Ncd7 19. fxe6 fxe6 20. a3 e5 21. Ng5 h6 22. Bb3 Qd4+ 23. Kh1 hxg5 24. c5+ Kh8 25. Rf3 Bxf3 26. Qxf3 Qxd2 27. Qh3+ Nh7 28.
Rd1 Qxd1+ 0-1

[Event "*** SCC Grand Prix: Titled Tuesday Blitz"]
[Site "Chess.com"]
[Date "2020.08.25"]
[Round "2"]
[White "frederiksvane"]
[Black "salomez"]
[Result "1-0"]
[WhiteElo "2619"]
[BlackElo "2217"]
[TimeControl "180+1"]
[EndTime "10:18:41 PDT"]
[Termination "frederiksvane won on time"]

1. e4 c5 2. Nf3 e6 3. d4 cxd4 4. Nxd4 Nf6 5. Nc3 Nc6 6. Ndb5 d6 7. Bf4 e5 8. Bg5 a6 9. Na3 b5 10. Nd5 Be7 11. Bxf6 Bxf6 12. c3 O-O 13. Nc2 Rb8 14.
Be2 Bg5 15. O-O g6 16. Ncb4 Nxb4 17. Nxb4 Bb7 18. Nd5 Bxd5 19. Qxd5 Be7 20. Bd1 Qc7 21. Bb3 Qc5 22. Qd3 Kg7 23. Bd5 f5 24. b4 Qc7 25.
a4 fxe4 26. Bxe4 Qc4 27. Qxc4 bxc4 28. Bd5 Rfc8 29. Rfe1 a5 30. b5 Rc5 31. Rad1 Kf6 32.
Re4 Rxd5 33. Rxd5 Ke6 34. Rd2 d5 35. Re1 Bc5 36. Kf1 1-0

[Event "*** SCC Grand Prix: Titled Tuesday Blitz"]
[Site "Chess.com"]
[Date "2020.08.25"]
[Round "2"]
[White "Xeniya2005"]
[Black "gagtemp"]
[Result "1-0"]
[WhiteElo "2357"]
[BlackElo "1956"]
[TimeControl "180+1"]
[EndTime "10:18:41 PDT"]
[Termination "Xeniya2005 won by resignation"]

1. e4 d5 2. exd5 Qxd5 3. Nf3 Bg4 4. Be2 Nc6 5. d4 O-O-O 6. Be3 Nf6 7. Nbd2 e5 8. c4 Qa5 9. d5 e4 10. Nd4 Bxe2 11. Qxe2 Nb4 12. O-O h5 13. a3 Nd3 14.
b4 Qa4 15. Nxe4 Nxe4 16. Qxd3 Nf6 17. b5 h4 18. h3 Bd6 19. Rfb1 Rdg8 20. Nc2 g5 21. Bd4 Rh6 22. c5 Bf4 23. Rb4 Qa5 24. Bc3 c6 25. Rxf4 Qc7 26. Rxf6 Rxf6 27. Bxf6 g4 28. d6 Qd7 29. Kf1 gxh3 30. Qxh3 1-0

[Event "*** SCC Grand Prix: Titled Tuesday Blitz"]
[Site "Chess.com"]
[Date "2020.08.25"]
[Round "2"]
[White "Sashadav97"]
[Black "tptagain"]
[Result "0-1"]
[WhiteElo "2549"]
[BlackElo "2878"]
[TimeControl "180+1"]
[EndTime "10:18:44 PDT"]
[Termination "tptagain won by resignation"]

1. d4 Nf6 2. c4 g6 3. Nc3 Bg7 4. e4 d6 5. Nf3 Bg4 6. Be2 O-O 7.
Be3 Nfd7 8. Rc1 e5 9. d5 a5 10.
Nd2 Bxe2 11. Qxe2 f5 12. f3 Bh6 13. Bf2 Na6 14. O-O Ndc5 15. Rcd1 Qg5 16. Kh1 Qh5 17. Rfe1 Bf4 18. Nf1 Rf7 19. a3 a4 20. Qc2 Raf8 21.
Nxa4 fxe4 22. Nxc5 exf3 23. Nxa6 Bxh2 24. Nxh2 fxg2+ 25. Kxg2 Rxf2+ 26. Qxf2 Rxf2+ 27. Kxf2 Qxh2+ 28. Ke3 bxa6 29. Re2 Qf4+ 30. Kd3 Qd4+ 31. Kc2 Qxc4+ 32. Kd2 Qxd5+ 33. Ke1 Qb7 34. Rc1 h5 35. Rec2 c5 36. Rd1 Qh1+ 37. Ke2 Qe4+ 38. Kd2 h4 39. Kc1 Qf4+ 40.
Kb1 e4 0-1

[Event "*** SCC Grand Prix: Titled Tuesday Blitz"]
[Site "Chess.com"]
[Date "2020.08.25"]
[Round "2"]
[White "ChessWarrior7197"]
[Black "m_ezat"]
[Result "1-0"]
[WhiteElo "2911"]
[BlackElo "2556"]
[TimeControl "180+1"]
[EndTime "10:18:46 PDT"]
[Termination "ChessWarrior7197 won by resignation"]

1. e4 c6 2. d4 d5 3. exd5 cxd5 4. Bd3 Nc6 5. c3 Qc7 6. h3 g6 7. Nf3 Nh6 8. O-O Bf5 9. Re1 Bxd3 10. Qxd3 Nf5 11.
c4 O-O-O 12. cxd5 Nb4 13. Qc3 Nc2 14. Qxc7+ Kxc7 15. Bf4+ Kb6 16. Rc1 Nxa1 17. Bc7+ Ka6 18. Bxd8 Bh6 19. Rc8 Nc2 20. Rxc2 Rxd8 21. Nc3 Bg7 22.
Rd2 b5 23. g4 Nd6 24. Re2 b4 25. Na4 Kb5 26. b3 Nc8 27. Rc2 Nb6 28. Nxb6 axb6 29.
Rc7 Bf8 30. Ng5 Rxd5 31. Nxh7 Bg7 32. Rxe7 Bxd4 33. Rxf7 Bc5 34. h4 Rd2 35. h5 gxh5 36.
gxh5 Rxa2 37. Ng5 Rb2 38. h6 Rxb3 39. h7 Bd4 40. Kg2 Ra3 41. Ne6 Bc3 42. Rf3 Ra8 43. Nc7+ Kc4 44. Nxa8 1-0

[Event "*** SCC Grand Prix: Titled Tuesday Blitz"]
[Site "Chess.com"]
[Date "2020.08.25"]
[Round "2"]
[White "Alexander_Moskalenko"]
[Black "ChessyInstinct"]
[Result "1-0"]
[WhiteElo "2777"]
[BlackElo "2506"]
[TimeControl "180+1"]
[EndTime "10:18:46 PDT"]
[Termination "Alexander_Moskalenko won on time"]

1. c4 c6 2. Nf3 d5 3. e3 Nf6 4.
b3 e6 5. Bb2 Nbd7 6. d4 Bd6 7.
Bd3 b6 8. O-O Bb7 9. Nc3 c5 10.
cxd5 exd5 11. Rc1 O-O 12. Re1 a6 13. Bf1 Qe7 14. g3 Rac8 15. dxc5 bxc5 16. Bg2 Rfe8 17. Nh4 Qe6 18. Ne2 Nb6 19. Qc2 Be5 20. Bxe5 Qxe5 21. Rcd1 Rc7 22. Nf4 c4 23. Nf3 Qe4 24. Qc3 Qe7 25. Nd4 Nbd7 26. bxc4 Rxc4 27. Qb2 Nc5 28. Nf5 Qe5 29. Qxe5 Rxe5 30. Nd6 Rb4 31. Nxb7 Rxb7 32. Nxd5 Nxd5 33. Rxd5 Rxd5 34. Bxd5 Rb2 35. Rc1 Ne6 36. Rc8+ Nf8 37. Rc7 Ne6 38. Ra7 Rb6 39. Bc4 Nc5 40. Ra8+ 1-0

[Event "*** SCC Grand Prix: Titled Tuesday Blitz"]
[Site "Chess.com"]
[Date "2020.08.25"]
[Round "2"]
[White "WPWPWP-2015"]
[Black "Reader777"]
[Result "0-1"]
[WhiteElo "2459"]
[BlackElo "2688"]
[TimeControl "180+1"]
[EndTime "10:18:46 PDT"]
[Termination "Reader777 won on time"]

1. e4 c5 2. Nf3 d6 3. Bb5+ Bd7 4. c4 Nc6 5. Nc3 g6 6. d4 cxd4 7. Nxd4 Bg7 8. Nde2 Nf6 9. O-O O-O 10. h3 a6 11. Ba4 Ne5 12. Bxd7 Nfxd7 13. b3 Nc5 14. Bb2 Ned3 15. Ba3 Qa5 16. Bxc5 Nxc5 17. Rc1 Qd8 18. Qd2 b5 19. b4 Ne6 20. cxb5 axb5 21.
Nxb5 Qb6 22. Nc7 Nxc7 23. Rb1 Qa6 24. Nc1 Rfc8 25. Rb3 Nb5 26. f4 Nc3 27. e5 Nxa2 28. Nd3 Qb6+ 29. Kh1 Qd4 30. Re1 Nc3 31. b5 Ra2 32.
Rxc3 Rxd2 33. Rxc8+ Bf8 34. exd6 Qxd6 35. Ne5 Qd5 36. Nf3 Qxb5 37. Rxe7 Qf1+ 0-1